 Dungeon Crawl Stone Soup version 0.31-a0-672-g7da72447bb (webtiles) character file.

Game seed: 3640007799829247907

262 Dordric the Changeling (level 6, 0/38 HPs)
             Began as an Octopode Shapeshifter on Sept 5, 2023.
             Slain by Grinder (9 damage)
             ... while paralysed by Grinder
             ... on level 3 of the Dungeon.
             The game lasted 00:03:38 (2991 turns).

Dordric the Changeling (Octopode Shapeshifter)      Turns: 2991, Time: 00:03:39

Health: 0/38       AC:  1    Str: 13    XL:     6   Next: 18%
Magic:  6/6        EV:  2    Int: 12    God:
Gold:   82         SH:  0    Dex: 14    Spells: 5/5 levels left

rFire   + . .        r - +2 short sword (vamp)
rCold   . . .        (no shield)
rNeg    . . .        (helmet currently unavailable)
rPois   .            (no amulet)
rElec   .            e - ring of protection from fire
rCorr   .            f - ring of wizardry
SInv    .            (no ring)
Will    .....        (no ring)
Stlth   ++           (no ring)
HPRegen 0.26/turn    (no ring)
MPRegen 0.10/turn    (no ring)
                     (no ring)

%: wizardry (x1)
@: paralysed, beast-form
A: beast (slay +3), almost no armour, amphibious, 8 rings, camouflage 1,
gelatinous body 1, (nimble swimmer 1), tentacles
a: Begin Untransformation


You were on level 3 of the Dungeon.
You were a hulking beast.
You visited 1 branch of the dungeon, and saw 3 of its levels.

You collected 82 gold pieces.

Inventory:

Hand Weapons
 i - a +0 sling
 m - a +1 dagger of electrocution
 n - a +3 vampiric spear
 r - a +2 vampiric short sword (weapon)
Jewellery
 e - a ring of protection from fire (left tentacle)
 f - a ring of wizardry (right tentacle)
 g - a +6 ring of dexterity
 h - a ring of ice
 l - a ring of willpower
Talismans
 b - a beast talisman (active)
 c - a flux talisman
Wands
 k - a wand of mindburst (5)
Scrolls
 d - 4 scrolls of identify
 j - a scroll of revelation {unknown}
Potions
 a - 2 potions of lignification
 q - a potion of curing {unknown}


   Skills:
 - Level 1.0 Fighting
 - Level 2.0 Dodging
 - Level 3.0 Unarmed Combat
 + Level 6.3 Shapeshifting


You had 5 spell levels left.
You didn't know any spells.
Your spell library contained the following spells:

 Spells                   Type           Power      Damage    Failure   Level
 Lesser Beckoning         Tloc           0%         N/A       21%         2
 Sublimation of Blood     Necr           0%         N/A       21%         2
 Wereblood                Tmut           0%         N/A       21%         2
 Gell's Gravitas          Tloc           0%         N/A       36%         3
 Teleport Other           Tloc           0%         N/A       36%         3
 Summon Hydra             Summ           0%         N/A       100%        7


Dungeon Overview and Level Annotations

Branches:
Dungeon (3/15)

Altars:

Annotations:
D:3 Grinder


Innate Abilities, Weirdness & Mutations

You are a hulking beast.
Your limbs bulge with bestial killing power. (Slay +3)
You cannot wear most types of armour.
You are amphibious.
You can wear up to eight rings at the same time.
Your skin changes colour to match your surroundings (Stealth+).
Your rubbery body absorbs attacks. (AC +1, EV +1)
((You are camouflaged when in or above water. (Stealth+)))
You have tentacles for arms and can constrict up to eight enemies at once.


Message History

Pain shoots through your body!
An orc comes into view.
It is wielding a +1 dagger of protection.
An orc priest comes into view. It is wielding a +0 short sword.
Grinder hits you.
There is a large open door here.
The orc priest shouts!
You hit Grinder. You grab Grinder.
Grinder is lightly wounded.
You constrict Grinder, but do no damage.
You hear a shout!
Grinder hits you!
You writhe in agony.
You are too injured to fight recklessly!
You are too injured to fight recklessly!
You are too injured to fight recklessly!
You are too injured to fight recklessly!
You are too injured to fight recklessly!
You are too injured to fight recklessly!
You are too injured to fight recklessly!
You are too injured to fight recklessly!
You are too injured to fight recklessly!
You are too injured to fight recklessly!
You are too injured to fight recklessly!
You are too injured to fight recklessly!
You are too injured to fight recklessly!
You are too injured to fight recklessly!
You are too injured to fight recklessly!
You hit Grinder. You squeeze Grinder.
Grinder is moderately wounded.
You constrict Grinder. Grinder hits you!
* * * LOW HITPOINT WARNING * * *
You writhe in agony.
* * * LOW HITPOINT WARNING * * *
You hit Grinder.
Grinder is moderately wounded.
You constrict Grinder. Grinder gestures at you.
You suddenly lose the ability to move!
You lose your grip on Grinder.
Grinder hits you!
You die...
Grinder says, "Now the real fun starts!"

## ###### .#####....#
### .##.......######
####### #..
.##.#..........# .......
#..
###.#..........##5......
#..
...............'ho.o.o..
+..
...............#........
#..
........................
#..
.##.....<...............
#..
.##...............).....
.. #..
.......#................
..###..
.##............########.
......# ..+.............
......# .##..........#..
......#


You could see Grinder, an orc priest and 2 orcs.

Vanquished Creatures
  An orc priest (D:3)
  An orc wizard (D:2)
  Robin (D:2)
  9 gnolls
  2 adders (D:3)
  A dart slug (D:1)
  5 orcs
  4 ball pythons
  5 endoplasms
  3 giant cockroaches
  14 goblins
  10 hobgoblins
  8 jackals
  2 kobolds (D:1)
  5 quokkas
  3 bats
  3 frilled lizards
  4 rats
81 creatures vanquished.

Notes
Turn   | Place    | Note
-------+----------+-------------------------------------------
     0 | D:1      | Dordric the Octopode Shapeshifter began the quest for the
                  | Orb.
     0 | D:1      | Reached XP level 1. HP: 13/13 MP: 1/1
   141 | D:1      | Reached XP level 2. HP: 12/18 MP: 2/2
   503 | D:1      | Reached skill level 4 in Shapeshifting
   503 | D:1      | Reached XP level 3. HP: 4/23 MP: 3/3
  1200 | D:1      | Reached XP level 4. HP: 26/28 MP: 4/4
  1371 | D:2      | Noticed Robin
  1699 | D:2      | Killed Robin
  1793 | D:1      | Reached skill level 5 in Shapeshifting
  2341 | D:2      | Reached XP level 5. HP: 4/33 MP: 5/5
  2796 | D:3      | Reached skill level 6 in Shapeshifting
  2798 | D:3      | Reached XP level 6. HP: 20/38 MP: 6/6
  2982 | D:3      | Noticed Grinder
  2990 | D:3      | Paralysed by Grinder for 2 turns
  2991 | D:3      | Slain by Grinder

Illustrated notes

Levels and vault maps discovered:
D:1:      onia_arrival_pyramid, layout_basic
D:2:      layout_rooms, uniq_robin
D:3:      layout_basic, uniq_grinder

Skill      XL: |  1  2  3  4  5 |
---------------+----------------+-----
Shapeshifting  | 4 5 6 |  6.3
Fighting       | |  1.0
Dodging        | |  2.0
Unarmed Combat | |  3.0

Action                     |  1- 3 |  4- 6 || total
---------------------------+-------+-------++-------
  Melee: Unarmed           |    65 |     8 ||    73
         Constrict         |    15 |    27 ||    42
         Tentacles         |    15 |    22 ||    37
         Dagger            |       |    61 ||    61
         Punch             |       |     6 ||     6
         Short sword       |       |    21 ||    21
  Evoke: Wand              |       |     2 ||     2
    Use: Scroll            |       |     6 ||     6
         Potion            |       |     1 ||     1
   Stab: Sleeping          |     1 |       ||     1
 Armour: Skin              |    49 |    87 ||   136
  Dodge: Dodged            |    53 |    98 ||   151

Table legend: (Time is in decaauts)
 A = Elapsed time spent in this place.
 B = Non-inter-level travel time spent in this place.
 C = Inter-level travel time spent in this place.
 D = Time resting spent in this place.
 E = Time spent auto-exploring this place.
 F = Levels seen in this place.
 G = Mean time per level.
                   A        B        C        D        E       F      G
               +--------+--------+--------+--------+--------+-----+--------+
         Total |   2999 |   2969 |     30 |    711 |   1700 |   3 |  999.7 |
       Dungeon |   2999 |   2969 |     30 |    711 |   1700 |   3 |  999.7 |
               +--------+--------+--------+--------+--------+-----+--------+

Top non-repeatable levels by time:
     D:1: 1593 daAuts
     D:2: 853 daAuts
     D:3: 552 daAuts
